 Dungeon Crawl Stone Soup version 0.25.1-2-g60ff931df9 (webtiles) character file.

Game seed: 14110166106933461783

796 hawla the Covered (level 7, -1/57 HPs)
             Began as a Minotaur Artificer on Oct 14, 2020.
             Slain by a jumping spider (9 damage)
             ... summoned by a worldbinder
             ... on level 1 of the Abyss.
             The game lasted 00:18:32 (6207 turns).

hawla the Covered (Minotaur Artificer)              Turns: 6207, Time: 00:18:33

Health: -1/57      AC: 17    Str: 17    XL:     7   Next: 58%
Magic:  9/9        EV:  6    Int:  9    God:
Gold:   223        SH:  0    Dex: 11    Spells: 6/6 levels left

rFire    . . .     SeeInvis .   k - -1 falchion (curse)
rCold    . . .     Gourm    .   (no shield)
rNeg     . . .     Faith    .   j - +0 plate armour
rPois    .         Spirit   .   (helmet restricted)
rElec    .         Reflect  .   o - +2 cloak
rCorr    .         Harm     .   t - +0 pair of gloves
MR       .....                  e - +0 pair of boots
Stlth    ..........             (no amulet)
HPRegen  0.19/turn              (no ring)
MPRegen  0.11/turn              (no ring)

@: no status effects
A: retaliatory headbutt, hooves 1, horns 2, blurry vision 1, sense surroundings
1
a: no special abilities


You were on level 1 of the Abyss.
You were not hungry.

You visited 2 branches of the dungeon, and saw 6 of its levels.
You visited the Abyss 1 time.

You collected 223 gold pieces.

Inventory:

Hand Weapons
 h - a +2 quarterstaff of chaos
 k - a cursed -1 falchion (weapon)
 l - a +2 dagger of draining
Missiles
 n - 13 boomerangs (quivered)
Armour
 e - a +0 pair of boots (worn)
 j - a +0 plate armour (worn)
 o - a +2 cloak (worn)
 t - a +0 pair of gloves (worn)
Wands
 c - a wand of flame (12)
 d - a wand of enslavement (4)
Scrolls
 g - a scroll of fear
 i - 3 scrolls of identify
 q - 3 scrolls of amnesia
Potions
 b - a potion of curing
 m - 2 potions of brilliance
 p - 2 potions of stabbing
 u - a potion of haste
Comestibles
 a - 3 rations


   Skills:
 + Level 3.1 Fighting
 + Level 3.7(4.1) Short Blades
 + Level 2.5(3.7) Long Blades
 + Level 1.1 Staves
 + Level 1.0 Throwing
 + Level 4.9 Armour
 + Level 3.8 Dodging
 - Level 0.7 Stealth
 * Level 4.6 Evocations


You had 6 spell levels left.
You didn't know any spells.
Your spell library was empty.

Dungeon Overview and Level Annotations

Branches:
Dungeon (5/15)             Temple (1/1) D:5

Altars:
Ashenzari
Dithmenos
Elyvilon
Kikubaaqudgha
Makhleb
Okawaru
Qazlal
Ru
Uskayaw
Vehumet
Wu Jian
Xom
Yredelemnul
Zin
The Shining One

Annotations:
D:3 2 transporters, coolio's ghost, weakling DrFi


Innate Abilities, Weirdness & Mutations

You reflexively headbutt those who attack you in melee.
You have a pair of horns on your head.
You have large cloven feet.
Scrolls take you a little longer to read.
You passively map a small area around you.


Message History

The worldbinder calls forth creatures from the Spider Nest!
Evoke which item? (* to show all) (? for menu, Esc to quit)
Aiming: Enslavement
Press: ? - help, Shift-Dir - straight line, f - small abomination, p - worldbinder
Aim: a small abomination (lightly damaged, chance to defeat MR: 42%)
The small abomination resists with some effort.
The jumping spider leaps!
The small abomination hits you but does no damage.
The worldbinder hits you but does no damage.
The worldbinder hits you.
* * * LOW HITPOINT WARNING * * *
The jumping spider barely misses you. You furiously retaliate!
You headbutt the jumping spider!
The jumping spider bites you but does no damage.
Evoke which item? (* to show all) (? for menu, Esc to quit)
Aiming: Enslavement
Press: ? - help, Shift-Dir - straight line, f/p - small abomination
Aim: a small abomination (lightly damaged, chance to defeat MR: 42%)
The small abomination is charmed.
The jumping spider pounces on you!
You die...

. ...... . .....
....... .. . .. .#.
....# ....#
......#.#..# ...#
...#......# . ...#
......#.#. #.#...#
....s..s...#......#
#......xx#........#
.. ##@s.....# . ≈≈
###.......# ..
########


You could see a worldbinder, 3 jumping spiders and a friendly small abomination
(charmed).

Vanquished Creatures
  2 ogres
  2 howler monkeys
  A crimson imp (D:5)
  Crazy Yiuf (D:2)
  3 hounds (D:4)
  A jelly (D:5)
  An orc priest (D:4)
  An orc wizard (D:4)
  4 worker ants (D:4)
  A hound skeleton (D:4)
  8 adders
  A gnoll (D:4)
  An ufetubus (Abyss:1)
  An adder zombie (D:3)
  An adder skeleton (D:4)
  3 worms
  2 dart slugs
  17 orcs
  4 giant cockroaches
  9 goblins
  A hobgoblin (D:2)
  15 jackals
  11 kobolds
  A quokka (D:4)
  2 ball pythons
  11 bats
  4 frilled lizards
  5 rats
114 creatures vanquished.

Vanquished Creatures (others)
  2 adders (D:4)
  A jackal (D:5)
  A kobold (D:2)
4 creatures vanquished.

Grand Total: 118 creatures vanquished

Notes
Turn   | Place    | Note
-------+----------+-------------------------------------------
     0 | D:1      | hawla the Minotaur Artificer began the quest for the Orb.
     0 | D:1      | Reached XP level 1. HP: 16/16 MP: 1/1
   185 | D:1      | Reached skill level 1 in Armour
   288 | D:1      | Reached XP level 2. HP: 19/23 MP: 3/3
  1246 | D:2      | Reached XP level 3. HP: 27/28 MP: 4/4
  1280 | D:2      | Found an ornate altar of the Wu Jian Council.
  1554 | D:2      | Gained mutation: You have large cloven feet. [potion of
                  | mutation]
  1554 | D:2      | Gained mutation: Scrolls take you a little longer to read.
                  | [potion of mutation]
  1554 | D:2      | Gained mutation: You passively map a small area around you.
                  | [potion of mutation]
  2097 | D:2      | Found a runed translucent door.
  2098 | D:2      | Noticed Crazy Yiuf
  2408 | D:2      | Killed Crazy Yiuf
  2408 | D:2      | Reached XP level 4. HP: 21/36 MP: 5/5
  2791 | D:3      | Noticed coolio's ghost (weakling DrFi)
  2897 | D:3      | Found a faded altar of an unknown god.
  3076 | D:3      | Found a transporter.
  3100 | D:3      | Found a transporter.
  3312 | D:3      | Reached XP level 5. HP: 36/41 MP: 6/6
  4121 | D:4      | Reached skill level 1 in Staves
  4121 | D:4      | Reached XP level 6. HP: 50/50 MP: 8/8
  4417 | D:5      | Entered Level 5 of the Dungeon
  4673 | D:5      | Found a shattered altar of Ashenzari.
  4687 | D:5      | Reached XP level 7. HP: 16/56 MP: 9/9
  4853 | D:5      | Found a stormy altar of Qazlal.
  4899 | D:5      | Reached skill level 1 in Long Blades
  5138 | D:5      | Found a staircase to the Ecumenical Temple.
  5154 | Temple   | Entered the Ecumenical Temple
  5620 | D:4      | Found a basalt altar of Yredelemnul.
  5734 | D:4      | Found a shimmering altar of Xom.
  6102 | D:4      | Cast into level 1 of the Abyss (gnoll sergeant)
  6175 | Abyss:1  | Reached skill level 1 in Throwing
  6181 | Abyss:1  | Noticed a worldbinder
  6191 | Abyss:1  | Noticed a tarantella
  6191 | Abyss:1  | Noticed a tarantella
  6192 | Abyss:1  | Noticed a tarantella
  6192 | Abyss:1  | Noticed a tarantella
  6192 | Abyss:1  | Noticed a jumping spider
  6204 | Abyss:1  | Noticed a jumping spider
  6206 | Abyss:1  | Noticed a jumping spider
  6206 | Abyss:1  | Noticed a jumping spider
  6207 | Abyss:1  | Slain by a jumping spider

Illustrated notes

Levels and vault maps discovered:
D:1:      wheals_arrival_shading, layout_rooms, corexii_hall_statues_deadend,
          chequers_serial_rivers_room_b
D:2:      layout_loops_ring, overflow_temple_1_default, uniq_crazy_yiuf_cottage
D:3:      layout_basic, gammafunk_ghost_arena,
          chequers_ecumenical_altar_simple_redux, grunt_ministairs_4
D:4:      layout_basic, marbit_many_paths, lemuel_doored_altar, lightli_minifort
D:5:      layout_loops_ring, minmay_temple_entry_grid, first_ration,
          portal_sewer_entry_f, basic_altar, enter_ossuary_5,
          hangedman_glass_teeth, minmay_misc_feat_diagonals,
          nicolae_qazlal_general_emergency
Temple:   minmay_temple_curvy_loop
Abyss:1:  base:
D:5

Skill      XL: |  1  2  3  4  5  6  7 |
---------------+----------------------+-----
Armour         | 1 2 3 4 |  4.9
Evocations     | 3 4 |  4.6
Dodging        | 3 |  3.8
Fighting       | 2 3 |  3.1
Short Blades   | 2 3 |  3.7
Staves         | 1 |  1.1
Long Blades    | 2 |  2.5
Throwing       | 1 |  1.0
Stealth        | |  0.7

Action                   |  1- 3 |  4- 6 |  7- 9 || total
-------------------------+-------+-------+-------++-------
Melee: Short sword       |    23 |       |       ||    23
       Headbutt          |    12 |    32 |    23 ||    67
       Dagger            |    75 |   119 |       ||   194
       Kick              |     9 |     2 |       ||    11
       Unarmed           |     1 |       |       ||     1
       Quarterstaff      |       |     6 |       ||     6
       Falchion          |       |    62 |   117 ||   179
Throw: Boomerang         |       |     5 |     7 ||    12
Evoke: Wand              |    20 |    13 |    10 ||    43
  Use: Potion            |     4 |     3 |     1 ||     8
       Scroll            |     1 |    10 |     1 ||    12
  Eat: Ration            |     1 |     1 |     1 ||     3
       Chunk             |     1 |     4 |     2 ||     7
Armor: Leather armour    |    23 |       |       ||    23
       Chain mail        |    19 |       |       ||    19
       Plate armour      |     1 |   151 |   165 ||   317
Dodge: Dodged            |    61 |    64 |    54 ||   179
       Rpst.: Falchion   |       |     5 |    16 ||    21
